| TOP OF THE 1ST |
|
Hagerstown Suns batting - Pitching for Atlanta (MID) Braves : LHP Brian Gregory
|
|
Pitching: LHP Brian Gregory
|
|
|
Batting: RHB Bobby Bricker
|
0-0: Called Strike 0-1: Swinging Strike 0-2: Ball 1-2: Ball 2-2: Ball 3-2: Base on Balls
|
|
Batting: RHB Leo Gutierrez
|
0-0: Called Strike Bobby Bricker steals 2nd base 0-1: Fly out, F9 (Flyball, 89D, EV 97.5 MPH) Runner from 2nd tags up, SAFE at 3rd, no throw by RF
|
|
Batting: RHB Slavik Nebrodov
|
0-0: Ball 1-0: Ball 2-0: Ball 3-0: Called Strike 3-1: SINGLE (Groundball, 56S, EV 66.9 MPH) (infield hit) Bobby Bricker scores
|
|
Batting: RHB Deshawn Boseman
|
0-0: Foul Ball, location: 2F 0-1: Foul Ball, location: 2F 0-2: Ball 1-2: Strikes out swinging
|
|
Batting: RHB Jesus Malave
|
0-0: Ball 1-0: Called Strike 1-1: Foul Ball, location: 2F 1-2: Ball 2-2: Foul Ball, location: 2F 2-2: Foul Ball, location: 2F 2-2: Ball 3-2: Foul Ball, location: 2F 3-2: Base on Balls Slavik Nebrodov to second
|
|
Batting: LHB Chance McWilliams
|
0-0: Fly out, F8 (Flyball, 8LD, EV 95.0 MPH)
|
| Top of the 1st over - 1 run, 1 hit, 0 errors, 2 left on base; Hagerstown 1 - Atlanta (MID) 0 |
| BOTTOM OF THE 1ST |
|
Atlanta (MID) Braves batting - Pitching for Hagerstown Suns : RHP Danny Hoekenga
|
|
Pitching: RHP Danny Hoekenga
|
|
|
Batting: RHB Badr al Din Ridha
|
0-0: Ball 1-0: SINGLE (Groundball, 4MD, EV 101.9 MPH)
|
|
Batting: RHB George Provance
|
0-0: Called Strike 0-1: Called Strike 0-2: Fielders Choice at 2nd, 1-4 (Groundball, 15S, EV 63.1 MPH)
|
|
Batting: RHB Yojiro Hayashi
|
0-0: Ball George Provance is caught stealing 2nd base 2-4 1-0: Ball 2-0: Called Strike 2-1: Swinging Strike 2-2: Ball 3-2: SINGLE (Groundball, 34D, EV 110.0 MPH) (infield hit)
|
|
Batting: SHB Jose Melendez
|
0-0: Called Strike Yojiro Hayashi steals 2nd base (no throw) 0-1: Ball 1-1: Swinging Strike 1-2: Fly out, F7 (Flyball, 78S, EV 82.5 MPH)
|
| Bottom of the 1st over - 0 runs, 2 hits, 0 errors, 1 left on base; Hagerstown 1 - Atlanta (MID) 0 |
| TOP OF THE 2ND |
|
Hagerstown Suns batting - Pitching for Atlanta (MID) Braves : LHP Brian Gregory
|
|
Batting: RHB Tylor Cyr
|
0-0: Ball 1-0: Foul Ball, location: 2F 1-1: Foul Ball, location: 2F 1-2: Foul Ball, location: 2F 1-2: Foul Ball, location: 2F 1-2: Ball 2-2: Ball 3-2: SINGLE (Groundball, 56D, EV 106.9 MPH)
|
|
Batting: RHB Victor Cintron
|
0-0: Ball 1-0: Called Strike 1-1: Ball 2-1: Ball 3-1: Base on Balls Tylor Cyr to second
|
|
Batting: RHB Derek Moran
|
0-0: Ball 1-0: Ball 2-0: Reached on error, E5 (Groundball, 56, EV 85.6 MPH) Tylor Cyr to third Victor Cintron to second
|
|
Batting: RHB Bobby Bricker
|
0-0: Foul Ball, location: 2F 0-1: Called Strike 0-2: Ball 1-2: Fly out, F7 (Flyball, 7, EV 83.8 MPH)
|
|
Batting: RHB Leo Gutierrez
|
0-0: Called Strike 0-1: Swinging Strike 0-2: Ball 1-2: Ball 2-2: Grounds into double play, 4-6-3 (Groundball, 4S, EV 84.4 MPH)
|
| Top of the 2nd over - 0 runs, 1 hit, 1 error, 2 left on base; Hagerstown 1 - Atlanta (MID) 0 |
| BOTTOM OF THE 2ND |
|
Atlanta (MID) Braves batting - Pitching for Hagerstown Suns : RHP Danny Hoekenga
|
|
Batting: RHB Gerard Michel
|
0-0: Swinging Strike 0-1: Ball 1-1: Ball 2-1: SINGLE (Groundball, 6D, EV 105.0 MPH)
|
|
Batting: RHB Nick Holsinger
|
0-0: Ball 1-0: Foul Ball, location: 2F 1-1: Grounds into double play, 5-4-3 (Groundball, 56, EV 102.5 MPH)
|
|
Batting: LHB Joe Phillips
|
0-0: Called Strike 0-1: Foul Ball, location: 2F 0-2: Foul Ball, location: 2F 0-2: Foul Ball, location: 2F 0-2: Ball 1-2: Strikes out swinging
|
| Bottom of the 2nd over - 0 runs, 1 hit, 0 errors, 0 left on base; Hagerstown 1 - Atlanta (MID) 0 |
| TOP OF THE 3RD |
|
Hagerstown Suns batting - Pitching for Atlanta (MID) Braves : LHP Brian Gregory
|
|
Batting: RHB Slavik Nebrodov
|
0-0: Called Strike 0-1: Ground out 6-3 (Groundball, 6, EV 106.2 MPH)
|
|
Batting: RHB Deshawn Boseman
|
0-0: Ball 1-0: Ball 2-0: Ball 3-0: Called Strike 3-1: Base on Balls
|
|
Batting: RHB Jesus Malave
|
0-0: Called Strike 0-1: Called Strike 0-2: Strikes out swinging
|
|
Batting: LHB Chance McWilliams
|
0-0: Foul Ball, location: 2F 0-1: Ground out U3 (Groundball, 34, EV 83.8 MPH)
|
| Top of the 3rd over - 0 runs, 0 hits, 0 errors, 1 left on base; Hagerstown 1 - Atlanta (MID) 0 |
| BOTTOM OF THE 3RD |
|
Atlanta (MID) Braves batting - Pitching for Hagerstown Suns : RHP Danny Hoekenga
|
|
Batting: LHB Malik Boulay
|
0-0: Ball 1-0: Ball 2-0: Ball 3-0: Called Strike 3-1: Ground out U3 (Groundball, 34S, EV 69.4 MPH)
|
|
Batting: RHB Miguel Vazquez
|
0-0: Ground out 6-3 (Groundball, 6, EV 82.5 MPH)
|
|
Batting: RHB Badr al Din Ridha
|
0-0: Ball 1-0: Called Strike 1-1: Foul Ball, location: 2F 1-2: SINGLE (Line Drive, 4D, EV 96.2 MPH)
|
|
Batting: RHB George Provance
|
0-0: Ball Badr al Din Ridha steals 2nd base (no throw) 1-0: Ball 2-0: Called Strike 2-1: Fly out, F9 (Flyball, 9LM, EV 93.8 MPH)
|
| Bottom of the 3rd over - 0 runs, 1 hit, 0 errors, 1 left on base; Hagerstown 1 - Atlanta (MID) 0 |
| TOP OF THE 4TH |
|
Hagerstown Suns batting - Pitching for Atlanta (MID) Braves : LHP Brian Gregory
|
|
Batting: RHB Tylor Cyr
|
0-0: Reached on error, E4 (Groundball, 34D, EV 101.2 MPH)
|
|
Batting: RHB Victor Cintron
|
0-0: Called Strike 0-1: Foul Ball, location: 2F 0-2: Strikes out looking
|
|
Batting: RHB Derek Moran
|
0-0: Called Strike 0-1: Ball Tylor Cyr is caught stealing 2nd base 2-4 1-1: Ground out 5-3 (Groundball, 56, EV 102.5 MPH)
|
| Top of the 4th over - 0 runs, 0 hits, 1 error, 0 left on base; Hagerstown 1 - Atlanta (MID) 0 |
| BOTTOM OF THE 4TH |
|
Atlanta (MID) Braves batting - Pitching for Hagerstown Suns : RHP Danny Hoekenga
|
|
Batting: RHB Yojiro Hayashi
|
0-0: DOUBLE (Flyball, 78D, EV 103.8 MPH)
|
|
Batting: SHB Jose Melendez
|
0-0: SINGLE (Line Drive, 6D, EV 101.2 MPH) Yojiro Hayashi to third
|
|
Batting: RHB Gerard Michel
|
0-0: Ball Jose Melendez steals 2nd base (no throw) 1-0: Ball 2-0: Ball 3-0: Called Strike 3-1: Ground out 5-3 (Groundball, 56, EV 104.4 MPH) Yojiro Hayashi scores
|
|
Batting: RHB Nick Holsinger
|
0-0: Called Strike Jose Melendez steals 3rd base (no throw) 0-1: Foul Ball, location: 2F 0-2: Strikes out swinging
|
|
Batting: LHB Joe Phillips
|
0-0: Ball 1-0: Foul Ball, location: 2F 1-1: Ball 2-1: Ball 3-1: Base on Balls
|
|
Batting: LHB Malik Boulay
|
0-0: SINGLE (Flyball, 7S, EV 96.2 MPH) Jose Melendez scores Joe Phillips to second
|
|
Batting: RHB Miguel Vazquez
|
0-0: Called Strike 0-1: Called Strike 0-2: Ball 1-2: Ball 2-2: Strikes out swinging
|
| Bottom of the 4th over - 2 runs, 3 hits, 0 errors, 2 left on base; Hagerstown 1 - Atlanta (MID) 2 |
| TOP OF THE 5TH |
|
Hagerstown Suns batting - Pitching for Atlanta (MID) Braves : LHP Brian Gregory
|
|
Batting: RHB Bobby Bricker
|
0-0: Ball 1-0: Foul Ball, location: 2F 1-1: Swinging Strike 1-2: Ball 2-2: Ground out U3 (Groundball, 34S, EV 73.8 MPH)
|
|
Batting: RHB Leo Gutierrez
|
0-0: SINGLE (Line Drive, 9S, EV 105.6 MPH)
|
|
Batting: RHB Slavik Nebrodov
|
0-0: Ball Leo Gutierrez steals 2nd, throwing error, E2 Leo Gutierrez to third 1-0: Ground out 5-3 (Groundball, 56S, EV 75.6 MPH)
|
|
Batting: RHB Deshawn Boseman
|
0-0: Ball 1-0: Ground out 4-3 (Groundball, 4, EV 83.1 MPH)
|
| Top of the 5th over - 0 runs, 1 hit, 1 error, 1 left on base; Hagerstown 1 - Atlanta (MID) 2 |
| BOTTOM OF THE 5TH |
|
Atlanta (MID) Braves batting - Pitching for Hagerstown Suns : RHP Danny Hoekenga
|
|
Batting: RHB Badr al Din Ridha
|
0-0: Ball 1-0: Foul Ball, location: 2F 1-1: Ball 2-1: Ball 3-1: Foul Ball, location: 2F 3-2: Foul Ball, location: 2F 3-2: Fly out, F4 (Popup, 23, EV 92.5 MPH)
|
|
Batting: RHB George Provance
|
0-0: Bunt missed! 0-1: Ground out 4-3 (Groundball, 4, EV 89.4 MPH)
|
|
Batting: RHB Yojiro Hayashi
|
0-0: Fly out, F8 (Line Drive, 8RM, EV 89.4 MPH)
|
| Bottom of the 5th over - 0 runs, 0 hits, 0 errors, 0 left on base; Hagerstown 1 - Atlanta (MID) 2 |
| TOP OF THE 6TH |
|
Hagerstown Suns batting - Pitching for Atlanta (MID) Braves : LHP Brian Gregory
|
|
Batting: RHB Jesus Malave
|
0-0: Ball 1-0: Ball 2-0: Ball 3-0: Base on Balls
|
|
Batting: LHB Chance McWilliams
|
0-0: Ball Jesus Malave steals 2nd base 1-0: Ground out 4-3 (Groundball, 34D, EV 104.4 MPH) Jesus Malave to third
|
|
Batting: RHB Tylor Cyr
|
0-0: Ball 1-0: Foul Ball, location: 2F 1-1: Foul Ball, location: 2F 1-2: Ball 2-2: Strikes out looking
|
|
Batting: RHB Victor Cintron
|
0-0: Ball 1-0: Called Strike 1-1: Foul Ball, location: 2F 1-2: Ball 2-2: Ground out U3 (Groundball, 34, EV 88.1 MPH)
|
| Top of the 6th over - 0 runs, 0 hits, 0 errors, 1 left on base; Hagerstown 1 - Atlanta (MID) 2 |
| BOTTOM OF THE 6TH |
|
Atlanta (MID) Braves batting - Pitching for Hagerstown Suns : RHP Danny Hoekenga
|
|
Batting: SHB Jose Melendez
|
0-0: Ball 1-0: SINGLE (Groundball, 56S, EV 63.8 MPH) (infield hit)
|
|
Batting: RHB Gerard Michel
|
0-0: Called Strike 0-1: Fly out, F9 (Flyball, 89M, EV 88.8 MPH)
|
|
Batting: RHB Nick Holsinger
|
0-0: Called Strike 0-1: Foul Ball, location: 2F 0-2: Ball 1-2: Strikes out swinging Jose Melendez steals 2nd base Batter strikes out.
|
|
Pitching: RHP Chris Lawrence
|
|
|
Batting: LHB Joe Phillips
|
0-0: Ball 1-0: Ball 2-0: Ground out U3 (Groundball, 13, EV 86.9 MPH)
|
| Bottom of the 6th over - 0 runs, 1 hit, 0 errors, 1 left on base; Hagerstown 1 - Atlanta (MID) 2 |
| TOP OF THE 7TH |
|
Hagerstown Suns batting - Pitching for Atlanta (MID) Braves : LHP Brian Gregory
|
|
Batting: RHB Derek Moran
|
0-0: Ball 1-0: Foul Ball, location: 2F 1-1: DOUBLE (Flyball, 78D, EV 106.2 MPH)
|
|
Batting: RHB Bobby Bricker
|
0-0: Called Strike 0-1: Ball 1-1: Ball 2-1: Foul Ball, location: 2F 2-2: Foul Ball, location: 2F 2-2: Strikes out looking
|
|
Batting: RHB Leo Gutierrez
|
0-0: Called Strike 0-1: Foul Ball, location: 2F 0-2: Ball 1-2: SINGLE (Line Drive, 4D, EV 98.1 MPH) Derek Moran to third Runner from 3rd tries for Home, throw by CF and OUT! 8-2 Leo Gutierrez to second
|
|
Batting: RHB Slavik Nebrodov
|
0-0: Foul Ball, location: 2F 0-1: Swinging Strike 0-2: Strikes out looking
|
| Top of the 7th over - 0 runs, 2 hits, 0 errors, 1 left on base; Hagerstown 1 - Atlanta (MID) 2 |
| BOTTOM OF THE 7TH |
|
Atlanta (MID) Braves batting - Pitching for Hagerstown Suns : RHP Chris Lawrence
|
|
Batting: LHB Malik Boulay
|
0-0: Swinging Strike 0-1: Swinging Strike 0-2: Ball 1-2: Foul Ball, location: 2F 1-2: Strikes out swinging
|
|
Batting: RHB Miguel Vazquez
|
0-0: Called Strike 0-1: Ball 1-1: SINGLE (Line Drive, 7S, EV 93.1 MPH)
|
|
Batting: RHB Badr al Din Ridha
|
0-0: Ball 1-0: SINGLE (Line Drive, 5D, EV 95.0 MPH) Miguel Vazquez to second
|
|
Batting: RHB George Provance
|
0-0: Called Strike 0-1: Fielders Choice at 2nd, 6-4 (Groundball, 6, EV 79.4 MPH) Miguel Vazquez to third
|
|
Batting: RHB Yojiro Hayashi
|
0-0: Ball 1-0: Foul Ball, location: 2F 1-1: Ball 2-1: Ball 3-1: Ground out 4-3 (Groundball, 4, EV 93.1 MPH)
|
| Bottom of the 7th over - 0 runs, 2 hits, 0 errors, 2 left on base; Hagerstown 1 - Atlanta (MID) 2 |
| TOP OF THE 8TH |
|
Hagerstown Suns batting - Pitching for Atlanta (MID) Braves : LHP Brian Gregory
|
|
Pitching: RHP Carlos Dominguez
|
|
|
Now at C: David Zelaya
|
|
|
Batting: RHB Deshawn Boseman
|
0-0: Foul Ball, location: 2F 0-1: Ball 1-1: Foul Ball, location: 2F 1-2: Strikes out looking
|
|
Batting: RHB Jesus Malave
|
0-0: Called Strike 0-1: Reached on error, E8 (Line Drive, 89D, EV 91.2 MPH)
|
|
Batting: LHB Chance McWilliams
|
0-0: Fly out, F8 (Flyball, 8RD, EV 93.8 MPH)
|
|
Batting: RHB Tylor Cyr
|
0-0: Swinging Strike 0-1: Ball 1-1: Swinging Strike Passed Ball! Jesus Malave to third 1-2: Ball 2-2: Strikes out swinging
|
| Top of the 8th over - 0 runs, 0 hits, 1 error, 1 left on base; Hagerstown 1 - Atlanta (MID) 2 |
| BOTTOM OF THE 8TH |
|
Atlanta (MID) Braves batting - Pitching for Hagerstown Suns : RHP Chris Lawrence
|
|
Batting: SHB Jose Melendez
|
0-0: Fly out, F9 (Flyball, 9LS, EV 66.2 MPH)
|
|
Batting: RHB Gerard Michel
|
0-0: Ball 1-0: SINGLE (Groundball, 6MD, EV 107.5 MPH)
|
|
Batting: RHB Nick Holsinger
|
0-0: Fielders Choice at 2nd, 4-6 (Groundball, 4, EV 105.0 MPH)
|
|
Batting: LHB Joe Phillips
|
0-0: Foul Ball, location: 2F 0-1: Called Strike 0-2: Foul Ball, location: 2F 0-2: Strikes out swinging
|
| Bottom of the 8th over - 0 runs, 1 hit, 0 errors, 1 left on base; Hagerstown 1 - Atlanta (MID) 2 |
| TOP OF THE 9TH |
|
Hagerstown Suns batting - Pitching for Atlanta (MID) Braves : RHP Carlos Dominguez
|
|
Pitching: RHP Greg Hart
|
|
|
Batting: RHB Victor Cintron
|
0-0: SINGLE (Groundball, 4MD, EV 96.2 MPH)
|
|
Batting: RHB Derek Moran
|
0-0: Bunted foul 0-1: Bunt missed! 0-2: Ball 1-2: Ball 2-2: Strikes out looking
|
|
Pinch Hitting: LHB Vince McLane
|
0-0: Ball 1-0: Ball 2-0: Foul Ball, location: 2F 2-1: Foul Ball, location: 2F 2-2: Ground out 5-3 (Groundball, 5L, EV 86.9 MPH) Victor Cintron to second
|
|
Batting: RHB Leo Gutierrez
|
0-0: Swinging Strike 0-1: Called Strike 0-2: Ball 1-2: Foul Ball, location: 2F 1-2: Ball 2-2: Strikes out swinging
|
| Top of the 9th over - 0 runs, 1 hit, 0 errors, 1 left on base; Hagerstown 1 - Atlanta (MID) 2 |
|